 Dungeon Crawl Stone Soup version 0.14.1-24-gbdbe590 (webtiles) character file.

444 Kenran the Insei (level 6, -1/64 HPs)
             Began as an Octopode Monk on June 19, 2014.
             Succumbed to poison (a potion of poison)
             ... on Level 4 of the Dungeon.
             The game lasted 00:11:28 (2887 turns).

Kenran the Insei (Octopode Monk)                    Turns: 2887, Time: 00:11:28

HP  -1/64        AC 23     Str 15      XL: 6   Next: 25%
MP   6/6         EV  1     Int 12      God:
Gold 167         SH  0     Dex 17      Spells:  0 memorised,  5 levels left

rFire  . . .     SeeInvis .       - Unarmed
rCold  . . .     Clarity  .     (no shield)
rNeg   + + +     Conserve .     (helmet restricted)
rPois  +         rCorr    .     (no amulet)
rElec  .         rRot     .     (no ring)
SustAb . .       Spirit   .     (no ring)
rMut   .         Warding  .     (ring currently unavailable)
Saprov . . .     NoTele   +     (ring currently unavailable)
MR     .....                    (ring currently unavailable)
                                (ring currently unavailable)
                                (ring currently unavailable)
                                (ring currently unavailable)

@: tree-form, mighty, lethally poisoned, not resistant to hostile enchantments,
quite stealthy
A: almost no armour, amphibious, (8 rings), (constrict 8), rugged brown scales
1, (camouflage 0), (gelatinous body 0)
a: no special abilities


You were on level 4 of the Dungeon.
You were not hungry.
You were an animated tree.
You visited 1 branch of the dungeon, and saw 4 of its levels.

You collected 167 gold pieces.

Inventory:

Magical devices
 a - a wand of random effects (22) {unknown}
Comestibles
 b - 6 bread rations
 g - 2 chokos
 i - 3 meat rations
 m - a pear
Scrolls
 e - a scroll of teleportation {unknown}
 j - 4 scrolls of identify
 k - a scroll of recharging
Jewellery
 c - an uncursed ring of protection from cold {unknown}
Potions
 f - 3 potions of restore abilities


   Skills:
 - Level 3.0 Fighting
 - Level 3.0 Dodging
 - Level 2.6 Stealth
 + Level 7.3 Unarmed Combat


You had 5 spell levels left.
You didn't know any spells.

Dungeon Overview and Level Annotations

Branches:
Dungeon (4/15)
 Temple: D:4-7

Altars:
Ashenzari
Nemelex Xobeh
Trog


Innate Abilities, Weirdness & Mutations

You cannot wear most types of armour.
You are amphibious.
((You can wear up to eight rings at the same time.))*
((You can use your tentacles to constrict many enemies at once.))*
((Your skin changes colour to match your surroundings (Stlth).))*
((Your rubbery body absorbs attacks (AC +1).))*
(You are partially covered in rugged brown scales (AC +1, +3% HP).)*


Message History

Unknown command.
* * * LOW HITPOINT WARNING * * *
You feel sick.
There is a lethal amount of poison in your body!
Drink which item? (? for menu, Esc to quit)
You feel very mighty all of a sudden.
It was a potion of might.
* * * LOW HITPOINT WARNING * * *
You feel sick.
Drink which item? (? for menu, Esc to quit)
That liquid tasted very nasty...
You are more poisoned.
It was a potion of poison.
* * * LOW HITPOINT WARNING * * *
You feel sick.
There is a lethal amount of poison in your body!
There is a lethal amount of poison in your body!
Drink which item? (? for menu, Esc to quit)
You turn into an animated tree.
Your roots penetrate the ground.
It was a potion of lignification.
You die...

#.# #........##≈≈.≈≈#
#.# #..##.####≈≈≈.≈≈≈#
#.# #..##.# #≈≈≈.≈≈≈#
#.# #.>##.####≈≈≈§≈≈§#
#.# #........#§§≈.§§≈#
#.# #........#≈§§.≈§≈#
#.# #.....>..##§≈.§
#.# #.........###+#
#.# #......♣)..#
#)###.....)..).##.###.
#.)....(.....().......
#...#..[..............
#...#.#........##....
#...#.########## ...
#...#.# . #...#.#
#####.#


There were no monsters in sight!

Vanquished Creatures
  2 orc priests (D:4)
  2 orc wizards (D:4)
  A worker ant (D:4)
  Jessica (D:2)
  4 adders
  A giant mite (D:2)
  2 giant geckos
  6 orcs (D:4)
  A giant cockroach (D:3)
  4 hobgoblins
  A quokka (D:2)
  10 bats
  3 giant newts
  10 goblins
  13 kobolds
  8 rats
69 creatures vanquished.

Notes
Turn   | Place    | Note
--------------------------------------------------------------
     0 | D:1      | Kenran, the Octopode Monk, began the quest for the Orb.
     0 | D:1      | Reached XP level 1. HP: 16/16 MP: 1/1
   304 | D:1      | Reached XP level 2. HP: 19/21 MP: 2/2
   751 | D:1      | Gained mutation: You are partially covered in rugged brown scales (AC +1, +3% HP). [potion of beneficial mutation]
   887 | D:2      | Noticed Jessica
  1043 | D:2      | Killed Jessica
  1043 | D:2      | Reached skill level 5 in Unarmed Combat
  1043 | D:2      | Reached XP level 3. HP: 26/26 MP: 3/3
  1045 | D:2      | Found a bloodstained altar of Trog.
  1397 | D:2      | Reached XP level 4. HP: 31/31 MP: 4/4
  2077 | D:3      | Found a sparkling altar of Nemelex Xobeh.
  2124 | D:3      | Reached skill level 6 in Unarmed Combat
  2555 | D:4      | Found a shattered altar of Ashenzari.
  2579 | D:4      | Reached XP level 5. HP: 37/37 MP: 5/5
  2870 | D:4      | Reached skill level 7 in Unarmed Combat
  2870 | D:4      | Reached XP level 6. HP: 19/43 MP: 6/6
  2886 | D:4      | HP: 1/43 [poison (a potion of poison)]
  2887 | D:4      | Succumbed to poison (a potion of poison)

Action                   |  1- 3 |  4- 6 || total
-------------------------+-------+-------++-------
Melee: Unarmed           |    52 |    92 ||   144
  Use: Scroll            |     4 |     4 ||     8
       Potion            |     1 |     5 ||     6
 Stab: Sleeping          |     8 |     5 ||    13
